AoeStats
← TUSHIRO

Arabia

503304136Analyzed
2v2 RM · 2mo ago on Aug 31, 2026· 29m 4s· 4 players
Game mode
Random Map
Map size
Medium (4 player)
Population
200
Speed
Normal
Resources
Standard
Victory
Conquest
Starting age
Dark Age
Ending age
Imperial Age
RankedLock teamsTeams togetherTeam positionsShared explorationLock speedFull tech treeHidden civsTurbo modeCheats
Victory
Defeat
🇲🇽 Aztecs · Mexico
1072
+12
🇲🇽 Vikings · Mexico
994
+16
vs
🇦🇷 Goths · Argentina
1016
-15
🇺🇸 Vietnamese · United States
953
-12
TUSHIRO
8:45 Loom
11:12 Feudal Age
11:26 Man-at-Arms
13:08 Forging
13:11 Double-Bit Axe
14:02 Scale Mail Armor
22:55 Castle Age
28:19 Chain Mail Armor
hidalGOD
12:26 Feudal Age
10:42 Loom
16:05 Man-at-Arms
22:30 Arson
22:47 Double-Bit Axe
29:41 Castle Age
FootNewtons
0:26 Loom
10:25 Feudal Age
19:06 Castle Age
alcalyx93
3:06 Loom
10:19 Feudal Age
11:23 Man-at-Arms
15:44 Double-Bit Axe
18:19 Forging
19:17 Horse Collar
22:44 Town Watch
23:16 Scale Mail Armor
25:57 Castle Age
24:01 Stone Mining
28:01 Stone Shaft Mining
Connection lost

Rejoining the realm…

Still unreachable

The connection could not be restored.

Session expired

The server has moved on; the page needs a fresh start.